 Dungeon Crawl Stone Soup version 0.29-a0-284-gf9362112df (webtiles) character file.

Game seed: 5840854819484420828

203 Zonian the Chiller (level 5, -10/24 HPs)
             Began as a Vine Stalker Ice Elementalist on Mar 23, 2022.
             Was a Priest of Jiyva.
             Mangled by Pikel
             ... wielding a +0 whip of electrocution
              (16 damage)
             ... on level 4 of the Dungeon.
             The game lasted 00:08:29 (4671 turns).

Zonian the Chiller (Vine Stalker Ice Elementalist)  Turns: 4671, Time: 00:08:31

Health: -10/24     AC:  3    Str: 11    XL:     5   Next: 81%
Magic:  0/11       EV: 16    Int: 17    God:    Jiyva [***...]
Gold:   87         SH:  0    Dex: 14    Spells: 3/10 levels left

rFire   . . .      SeeInvis +   k - +1 dagger (drain)
rCold   . . .      Faith    .   (no shield)
rNeg    . . .      Spirit   +   a - +1 robe
rPois   .          Reflect  .   (no helmet)
rElec   .          Harm     .   (no cloak)
rCorr   +          Rampage  .   (no gloves)
Will    +++..                   (no boots)
Stlth   +++.......              (no amulet)
HPRegen 2.00/turn               p - +4 ring of evasion
MPRegen 0.47/turn               (no ring)

@: slimy
A: fangs 2, regeneration 1, magic shield, antimagic bite, no potion heal 2, see
invisible, strong-willed 3
a: Renounce Religion, Oozemancy


You were on level 4 of the Dungeon.
You worshipped Jiyva.
Jiyva was most pleased with you.
You visited 1 branch of the dungeon, and saw 4 of its levels.

You collected 87 gold pieces.

Inventory:

Hand Weapons
 d - a +0 spear
 g - a +0 dagger
 k - a +1 dagger of draining (weapon)
Armour
 a - a +1 robe (worn)
 e - a +3 leather armour of fire resistance
 m - the +0 pair of gloves of Amuux {Harm rPois}
   (You found it on level 3 of the Dungeon)

   rPois:     It protects you from poison.
   Harm:      It increases damage dealt and taken.
Jewellery
 p - a +4 ring of evasion (left hand)
Wands
 c - a wand of mindburst (7)
Scrolls
 j - a scroll of amnesia {unknown}
 n - a scroll of identify
Potions
 f - 2 potions of attraction
 h - 2 potions of curing {unknown}
 i - a potion of haste {unknown}
 l - a potion of brilliance {unknown}
 o - a potion of lignification {unknown}


   Skills:
 + Level 2.7 Dodging
 + Level 4.3 Stealth
 + Level 3.4 Spellcasting
 + Level 4.8 Ice Magic


You had 3 spell levels left.
You knew the following spells:

 Your Spells              Type           Power      Damage    Failure   Level
a - Freeze                Ice            76%        1d9       2%          1
b - Frozen Ramparts       Ice            38%        1d5       7%          3
c - Ozocubu's Armour      Ice            19%        N/A       7%          3

Your spell library contained the following spells:

 Spells                   Type           Power      Damage    Failure   Level
 Hailstorm                Conj/Ice       11%        3d5       52%         4


Dungeon Overview and Level Annotations

Branches:
Dungeon (4/15)
 Temple: D:4-7

Altars:
Jiyva

Annotations:
D:4 Pikel


Innate Abilities, Weirdness & Mutations

You have extremely sharp teeth.
Your natural rate of healing is unusually fast.
When hurt, damage is shared between your health and your magic reserves.
Your bite disrupts and absorbs the magic of your enemies.
Potions cannot restore your health.
You have supernaturally acute eyesight. (SInv)
You are extremely strong-willed. (Will+++)


Message History

Casting: Freeze (safe; 2% risk of failure)
Confirm with . or Enter, or press ? or * to list all spells.
Aiming: Freeze (safe; 2% risk of failure)
Press: ? - help, Shift-Dir - straight line, f/p - Pikel
Aim: Pikel, wielding a +0 whip of electrocution and wearing a +0 robe (heavily wounded, lightly drained)
You freeze Pikel.
Pikel is heavily wounded.
Pikel barely misses you.
Casting: Freeze (safe; 2% risk of failure)
Confirm with . or Enter, or press ? or * to list all spells.
Aiming: Freeze (safe; 2% risk of failure)
Press: ? - help, Shift-Dir - straight line, f/p - Pikel
Aim: Pikel, wielding a +0 whip of electrocution and wearing a +0 robe (heavily wounded, lightly drained)
You freeze Pikel.
Pikel is heavily wounded.
Pikel hits you but does no damage.
You are electrocuted!
* * * LOW HITPOINT WARNING * * *
Okay, then.
Magic courses through your body.
Pikel hits you with a +0 whip of electrocution.
A thick mucus forms on your +1 dagger of draining.
You can no longer turn your foes to slime.
Pikel hits you with a +0 whip of electrocution.
* * * LOW HITPOINT WARNING * * *
The jelly closely misses Pikel.
You closely miss Pikel. Your bite misses Pikel.
Pikel is heavily wounded.
The jelly misses Pikel.
Pikel hits you with a +0 whip of electrocution.
* * * LOW HITPOINT WARNING * * *
Casting: Freeze (safe; 2% risk of failure)
Confirm with . or Enter, or press ? or * to list all spells.
Okay, then.
You barely miss Pikel. Your bite misses Pikel.
Pikel is heavily wounded.
Pikel hits you with a +0 whip of electrocution!
* * * LOW HITPOINT WARNING * * *
You are electrocuted!!
Ouch! That really hurt!
You die...

.... #........ #........
#........ ## #........
...######## ####........
..........# #...........
..........######.####.....#
.........K@........##......
..........######.#.######.#
.....J....# #.#.# #.#
...#.###### ##.#.######.#
'# #. #.........#.# #
#J.#......#.# #..########.#
#...........# #.###########


You could see Pikel (drained) and a neutral jelly (wandering)(fellow slime).

Vanquished Creatures
  Eustachio (D:4)
  4 adders
  3 orcs (D:3)
  A ball python (D:1)
  4 bats (D:1)
  5 endoplasms (D:1)
  12 goblins
  5 hobgoblins
  4 jackals
  3 frilled lizards
  A kobold (D:2)
  7 rats
50 creatures vanquished.

Vanquished Creatures (others)
  2 lemures (D:4)
  A howler monkey (D:4)
  3 jellies
  Robin (D:2)
  A river rat (D:4)
  2 orcs (D:4)
  2 bats
  4 goblins (D:2)
  7 hobgoblins
  3 jackals (D:3)
  3 kobolds
  A quokka (D:3)
  A ball python (D:2)
  2 frilled lizards
  A rat (D:3)
34 creatures vanquished.

Grand Total: 84 creatures vanquished

Notes
Turn   | Place    | Note
-------+----------+-------------------------------------------
     0 | D:1      | Zonian the Vine Stalker Ice Elementalist began the quest
                  | for the Orb.
     0 | D:1      | Reached XP level 1. HP: 9/9 MP: 4/4
   854 | D:1      | Reached XP level 2. HP: 13/13 MP: 6/6
  1907 | D:1      | Reached XP level 3. HP: 7/16 MP: 0/7
  2159 | D:1      | Found a faded altar of an unknown god.
  2167 | D:1      | Prayed at the altar of an unknown god.
  2167 | D:1      | Became a worshipper of Jiyva Jadob the Shapeless
  2167 | D:1      | Reached * piety under Jiyva
  2533 | D:2      | Killed Robin
  2677 | D:2      | Reached ** piety under Jiyva
  3198 | D:2      | Reached *** piety under Jiyva
  3305 | D:2      | Gained mutation: You have supernaturally acute eyesight.
                  | (SInv) [Jiyva's grace]
  3305 | D:2      | Gained mutation: You are strong-willed. (Will+) [Jiyva's
                  | grace]
  3305 | D:2      | Gained mutation: You are highly strong-willed. (Will++)
                  | [Jiyva's grace]
  3305 | D:2      | Gained mutation: You are extremely strong-willed. (Will+++)
                  | [Jiyva's grace]
  3588 | D:3      | Learned a level 3 spell: Frozen Ramparts
  3592 | D:3      | Learned a level 3 spell: Ozocubu's Armour
  3762 | D:3      | Gained mutation: Your natural rate of healing is unusually
                  | fast. [Vine Stalker growth]
  3762 | D:3      | Reached XP level 4. HP: 21/21 MP: 7/9
  4117 | D:3      | Identified the +0 pair of gloves of Amuux {Harm rPois}
  4327 | D:4      | Noticed Eustachio
  4375 | D:4      | Killed Eustachio
  4376 | D:4      | Reached XP level 5. HP: 24/24 MP: 5/11
  4413 | D:4      | Reached **** piety under Jiyva
  4474 | D:4      | Killed a lemure
  4651 | D:4      | Killed a lemure
  4652 | D:4      | Noticed Pikel
  4671 | D:4      | Mangled by Pikel

Illustrated notes

Levels and vault maps discovered:
D:1:      evilmike_arrival_home_sweet_home, layout_basic,
          dreamdust_ecumenical_altar_drowned_temple, minmay_tromino_i2
D:2:      layout_basic, serial_curves, eino_curves_01, eino_curves_02,
          minivault_14, minmay_misc_feat_tower, uniq_robin
D:3:      layout_loops_ring, hangedman_feature_mirror, st_stairs_5
D:4:      layout_basic, minmay_temple_entry_mist, gup_sewer_entry_spiral,
          uniq_eustachio, uniq_natasha, uniq_pikel

Skill      XL: |  1  2  3  4 |
---------------+-------------+-----
Stealth        | 3 4 |  4.3
Dodging        | 2 |  2.7
Spellcasting   | 3 |  3.4
Ice Magic      | |  4.8

Action                   |  1- 3 |  4- 6 || total
-------------------------+-------+-------++-------
Melee: Spear             |    35 |       ||    35
       Bite              |     8 |     9 ||    17
       Unarmed           |     1 |       ||     1
       Dagger            |    16 |    63 ||    79
       Punch             |       |     1 ||     1
 Cast: Freeze            |    30 |     9 ||    39
Invok: Slimify           |       |     1 ||     1
Evoke: Wand              |       |     3 ||     3
  Use: Scroll            |       |     3 ||     3
       Potion            |       |     1 ||     1
 Stab: Sleeping          |     4 |     3 ||     7
Armor: Robe              |     8 |    14 ||    22
Dodge: Dodged            |    28 |    39 ||    67

Table legend: (Time is in decaauts)
 A = Elapsed time spent in this place.
 B = Non-inter-level travel time spent in this place.
 C = Inter-level travel time spent in this place.
 D = Time resting spent in this place.
 E = Time spent auto-exploring this place.
 F = Levels seen in this place.
 G = Mean time per level.
                   A        B        C        D        E       F      G
               +--------+--------+--------+--------+--------+-----+--------+
         Total |   4677 |   4611 |     66 |   1647 |   2076 |   4 | 1169.2 |
       Dungeon |   4677 |   4611 |     66 |   1647 |   2076 |   4 | 1169.2 |
               +--------+--------+--------+--------+--------+-----+--------+

Top non-repeatable levels by time:
     D:1: 2365 daAuts
     D:2: 1116 daAuts
     D:3: 822 daAuts
     D:4: 373 daAuts
